 Dungeon Crawl Stone Soup version 0.20.0-1-g1cb1d84 (webtiles) character file.

1997 nikopol the Cleaver (level 9, -1/120 HPs)
             Began as a Minotaur Berserker on May 26, 2017.
             Was a Priest of Trog.
             Slain by Joseph
             ... wielding a +0 quarterstaff
              (2 damage)
             ... on level 7 of the Dungeon.
             The game lasted 00:10:18 (5502 turns).

nikopol the Cleaver (Minotaur Berserker)            Turns: 5502, Time: 00:10:18

Health: -1/120     AC:  7    Str: 27    XL:     9   Next: 2%
Magic:  8/8        EV: 12    Int:  4    God:    Trog [***...]
Gold:   330        SH:  0    Dex: 13    Spells: 8/8 levels left

rFire    . . .     SeeInvis .   a - +0 hand axe
rCold    . . .     Gourm    .   (no shield)
rNeg     . . .     Faith    .   r - +0 scale mail
rPois    .         Spirit   .   (helmet restricted)
rElec    .         Reflect  .   k - scarf {cloud immunity}
rCorr    .         Harm     .   (no gloves)
MR       .....                  (no boots)
Stlth    ..........             (no amulet)
Regen    0.3/turn               (no ring)
MPRegen  0.2/turn               (no ring)

@: berserking, very quick
A: retaliatory headbutt, horns 2
a: Berserk, Trog's Hand, Burn Spellbooks, Renounce Religion


You were on level 7 of the Dungeon.
You worshipped Trog.
Trog was most pleased with you.
You were very hungry.

You visited 1 branch of the dungeon, and saw 7 of its levels.

You collected 330 gold pieces.

Inventory:

Hand Weapons
 a - a +0 hand axe (weapon)
 z - a +0 shortbow
Missiles
 x - 29 arrows
Armour
 b - a +0 animal skin
 k - a scarf of cloud immunity (worn)
 o - a +0 leather armour
 r - a +0 scale mail (worn)
 t - a +0 cloak
Jewellery
 q - an uncursed ring of flight {unknown}
Wands
 v - a wand of iceblast (9/15)
 G - a wand of clouds (5/9)
Scrolls
 d - a scroll of magic mapping {unknown}
 e - 4 scrolls of identify {unknown}
 m - 3 scrolls of fear {unknown}
 n - 5 scrolls of amnesia {unknown}
 w - a scroll of blinking {unknown}
 y - a scroll of fog {unknown}
 A - a scroll of enchant weapon {unknown}
 B - a scroll of random uselessness {unknown}
 D - a scroll of noise {unknown}
 E - 2 scrolls of teleportation {unknown}
Potions
 f - 2 potions of might {unknown}
 g - a potion of ambrosia {unknown}
 h - a potion of magic {unknown}
 j - a potion of heal wounds {unknown}
 p - a potion of agility {unknown}
 s - 2 potions of curing {unknown}
 u - a potion of lignification {unknown}
 F - 2 potions of flight {unknown}
Books
 C - a book of Cantrips

   Spells                             Type                      Level
   a - Confusing Touch                Hexes                        1
   b - Animate Skeleton               Necromancy                   1
   c - Summon Small Mammal            Summoning                    1
   d - Apportation                    Translocation                1
   Trog disapproves of the use of such an item.
Comestibles
 c - 4 bread rations
 i - 3 meat rations
 l - 10 fruits
 H - 3 chunks of flesh


   Skills:
 + Level 7.7 Fighting
 + Level 8.2 Axes
 + Level 5.5 Bows
 + Level 6.3 Armour
 + Level 4.6 Dodging
 + Level 0.6 Stealth


You had 8 spell levels left.
You didn't know any spells.

Dungeon Overview and Level Annotations

Branches:
Dungeon (7/15)             Temple (0/1) D:5

Altars:
Ashenzari
Kikubaaqudgha
Makhleb
Trog
Uskayaw
Yredelemnul
Zin

Shops:
D:5 :

Annotations:
D:7 Joseph


Innate Abilities, Weirdness & Mutations

You reflexively headbutt those who attack you in melee.
You have a pair of horns on your head.


Message History

Joseph zaps a wand.
The bolt of lightning misses you. The bolt of lightning hits you!
* * * LOW HITPOINT WARNING * * *
Joseph unwields an uncursed hunting sling.
Joseph wields an uncursed quarterstaff.
Joseph hits you with an uncursed quarterstaff!
* * * LOW HITPOINT WARNING * * *
Found a fizzy pink potion.
Wield which item (- for none, * to show all)? (? for menu, Esc to quit)
a - a +0 hand axe (weapon)
A red film seems to cover your vision as you go berserk!
You feel yourself moving faster!
You feel mighty!
You are feeling very hungry.
Joseph zaps a wand.
The bolt of lightning hits you!
* * * LOW HITPOINT WARNING * * *
The bolt of lightning misses you.
You slash Joseph! Your headbutt misses Joseph.
Joseph is severely wounded.
Joseph hits you with an uncursed quarterstaff.
You die...

#...# .# !.#.. ##.#
#...(# ... ...( ..
..(# .# #.(##.###
######### #.@#....#
#.......# #.@..#
#.......# ###..#.###.
#.......# ##..(>.(.(..
#.......###..##.##.#..
#...........## .(. #
#######......# ##<.#
#.#..#.........
#.##...#### #.#.
##.####.# .#


You could see Joseph.

Vanquished Creatures
  Eustachio (D:5)
  A black bear (D:7)
  A sky beast (D:5)
  An ice beast (D:6)
  A phantom (D:5)
  3 ogres
  3 centaurs
  2 bullfrogs
  A scorpion (D:7)
  4 crimson imps
  4 hounds
  A jelly (D:6)
  A centaur skeleton (D:6)
  2 bullfrog skeletons (D:5)
  An iguana (D:5)
  Natasha (thrice) (D:2)
  An orc wizard (D:5)
  5 worker ants
  A hound skeleton (D:6)
  2 worker ant zombies
  3 gnolls (D:4)
  6 adders
  2 oozes
  An adder zombie (D:5)
  An adder skeleton (D:4)
  2 worms
  A dart slug (D:4)
  7 leopard geckos
  3 orcs
  9 giant cockroaches
  6 goblins
  7 hobgoblins
  2 jackals (D:2)
  3 quokkas
  7 bats
  3 frilled lizards
  A jackal skeleton (D:4)
  4 kobolds
  A leopard gecko skeleton (D:4)
  8 rats
116 creatures vanquished.

Notes
Turn   | Place    | Note
-------+----------+-------------------------------------------
     0 | D:1      | nikopol the Minotaur Berserker began the quest for the Orb.
     0 | D:1      | Reached XP level 1. HP: 19/19 MP: 0/0
   209 | D:1      | Reached XP level 2. HP: 22/27 MP: 1/1
   481 | D:2      | Reached XP level 3. HP: 7/33 MP: 2/2
   821 | D:2      | Reached skill level 4 in Axes
   875 | D:2      | Found a shattered altar of Ashenzari.
   888 | D:2      | Reached ** piety under Trog
   931 | D:2      | Reached XP level 4. HP: 29/41 MP: 3/3
   961 | D:2      | Noticed Natasha
   970 | D:2      | Killed Natasha
  1236 | D:2      | Noticed Natasha
  1239 | D:2      | Killed Natasha
  1239 | D:2      | Reached skill level 5 in Fighting
  1239 | D:2      | Reached XP level 5. HP: 8/48 MP: 4/4
  1510 | D:2      | Noticed Natasha
  1516 | D:2      | Killed Natasha
  1516 | D:2      | Reached skill level 5 in Axes
  1778 | D:3      | Found a faded altar of an unknown god.
  2030 | D:4      | Noticed an ogre
  2037 | D:4      | Killed an ogre
  2037 | D:4      | Reached XP level 6. HP: 50/57 MP: 5/5
  2265 | D:4      | Found a basalt altar of Yredelemnul.
  2340 | D:4      | Found an ancient bone altar of Kikubaaqudgha.
  2417 | D:4      | Reached skill level 6 in Axes
  2559 | D:4      | Noticed an Executioner
  2561 | D:4      | Found a burning altar of Makhleb.
  2564 | D:4      | Found a glowing silver altar of Zin.
  2564 | D:4      | Noticed an angel
  2686 | D:4      | Found a bloodstained altar of Trog.
  2687 | D:4      | Found a hide-covered altar of Uskayaw.
  2794 | D:5      | Entered Level 5 of the Dungeon
  2997 | D:5      | Reached XP level 7. HP: 43/63 MP: 6/6
  3156 | D:5      | Noticed Eustachio
  3180 | D:5      | Killed Eustachio
  3180 | D:5      | Reached skill level 7 in Axes
  3204 | D:5      | HP: 2/64 [centaur/arrow (13)]
  3208 | D:5      | Reached skill level 1 in Bows
  3606 | D:5      | Reached *** piety under Trog
  3763 | D:5      | Found a staircase to the Ecumenical Temple.
  3781 | D:5      | Reached XP level 8. HP: 62/73 MP: 7/7
  3870 | D:5      | Reached skill level 5 in Armour
  4297 | D:5      | Found Notid's Book Boutique.
  4404 | D:6      | Reached skill level 8 in Axes
  4952 | D:6      | Reached skill level 5 in Bows
  5311 | D:7      | Reached XP level 9. HP: 48/80 MP: 8/8
  5489 | D:7      | Noticed Joseph
  5501 | D:7      | HP: 1/120 [Joseph/wand of lightning (?/15) (15)]
  5502 | D:7      | Slain by Joseph

Skill      XL: |  1  2  3  4  5  6  7  8 |
---------------+-------------------------+-----
Fighting       | 4 5 6 7 |  7.7
Axes           | 4 5 6 7 8 |  8.2
Dodging        | 3 4 |  4.6
Armour         | 3 4 6 |  6.3
Bows           | 1 5 |  5.5
Stealth        | |  0.6

Action                   |  1- 3 |  4- 6 |  7- 9 || total
-------------------------+-------+-------+-------++-------
Melee: Hand axe          |    60 |   119 |   126 ||   305
       Headbutt          |    12 |    21 |    17 ||    50
 Fire: Shortbow          |       |       |   108 ||   108
Invok: Berserk           |       |     2 |     2 ||     4
  Eat: Chunk             |       |     9 |     6 ||    15
       Royal jelly       |       |       |     1 ||     1
Armor: Animal skin       |    13 |       |       ||    13
       Leather armour    |       |     6 |       ||     6
       Scale mail        |       |    24 |    42 ||    66
Dodge: Dodged            |    40 |    73 |   107 ||   220
